 Dungeon Crawl Stone Soup version 0.32-a0-33-g74fbe46 (webtiles) character file.

Game seed: 8328710599805911138

136714 blake the Warrior (level 17, 0/125 HPs)
             Began as a Djinni Conjurer on Jan 17, 2024.
             Was the Champion of Hepliaklqana.
             Shot with an arrow by a satyr (28 damage)
             ... on level 1 of the Shoals on Jan 20, 2024.
             The game lasted 02:08:55 (24856 turns).

blake the Warrior (Djinni Conjurer)                Turns: 24856, Time: 02:08:56

Health: 0/125      AC:  7    Str:  6    XL:     17   Next: 81%
Gold:   1263       EV: 15    Int: 27    God:    Hepliaklqana [******] SH: 14 Dex: 19

rFire   + + +        b - +1 spear "Aptuezur" {venom, SInv}
rCold   + . .        E - +0 kite shield {rN+}
rNeg    + . .        M - +1 troll leather armour
rPois   ∞            H - +0 helmet
rElec   .            (no cloak)
rCorr   .            g - +0 pair of gloves
SInv    +            (boots unavailable)
Will    .....        (no amulet)
Stlth   ++           w - ring of protection from cold
HPRegen 1.20/turn    Y - ring "Qemoeth" {+Blink rF+ rC+ Dex+6}
MPRegen 0.00/turn

%: infuse magic (-1 HP)
@: death channelling, weak-willed, flying
A: reduced essence, sickness immunity, fire resistance 2, cold vulnerability 1,
float, innate caster, HP casting, extra vitality 1
a: Renounce Religion, Evoke Blink, Recall Ancestor, Ancestor Identity,
Transference, Idealise


You were on level 1 of the Shoals.
You worshipped Hepliaklqana.
Hepliaklqana was exalted by your worship.
You visited 4 branches of the dungeon, and saw 23 of its levels.
You also visited: Sewer, Ice Cave and Volcano.

You collected 2719 gold pieces.
You spent 1456 gold pieces at shops.

Inventory:

Hand Weapons
 b - the +1 spear "Aptuezur" (weapon) {venom, SInv}
   (You bought it in a shop on level 11 of the Dungeon)

   SInv:      It lets you see invisible.
 C - a +0 demon blade of venom
 G - the +10 dagger "Vuinikk" {distort, rC+ Dex+3}
   (You found it on level 8 of the Dungeon)

   Dex+3:     It affects your dexterity (+3).
   rC+:       It protects you from cold.
Missiles
 Q - a throwing net
Armour
 g - a +0 pair of gloves (worn)
 E - a +0 kite shield of positive energy (worn)
 H - a +0 helmet (worn)
 M - a +1 troll leather armour (worn)
Magical Staves
 a - the staff "Beoceq" {rN++ Stlth- Earth}
   (You found it on level 5 of the Dungeon)

   [staff of earth]

   Base accuracy: +5 Base damage: 5 Base attack delay: 1.2 This weapon's minimum
   attack delay (0.6) is reached at skill level 12.
   rN++:      It greatly protects you from negative energy.
   Stlth-:    It makes you less stealthy.
   Earth:     It increases the power of your Earth spells.
   It falls into the 'Staves' category.
   It is a one-handed weapon.
 y - a staff of death
 W - a staff of fire
Jewellery
 l - a ring of resist corrosion
 w - a ring of protection from cold (left hand)
 P - a ring of ice
 R - a ring of fire
 Y - the ring "Qemoeth" (right hand) {+Blink rF+ rC+ Dex+6}
   (You bought it in a shop on level 11 of the Dungeon)

   [ring of dexterity]

   Dex+6:     It affects your dexterity (+6).
   rF+:       It protects you from fire.
   rC+:       It protects you from cold.
   +Blink:    It lets you blink.
Wands
 z - a wand of paralysis (11)
 K - a wand of roots (14)
 L - a wand of mindburst (6)
 T - a wand of polymorph (5)
 U - a wand of light (7)
Scrolls
 d - 4 scrolls of vulnerability {unknown}
 f - 2 scrolls of fear {unknown}
 i - 3 scrolls of silence {unknown}
 n - 4 scrolls of noise
 q - a scroll of enchant weapon
 r - 3 scrolls of blinking
 v - 2 scrolls of identify
 x - 4 scrolls of immolation
 B - 5 scrolls of poison
 D - 3 scrolls of revelation
 I - 5 scrolls of teleportation
 J - a scroll of torment
 O - 2 scrolls of summoning
 V - a scroll of brand weapon
 X - a scroll of enchant armour
 Z - a scroll of acquirement {unknown}
Potions
 c - 5 potions of heal wounds
 e - 5 potions of cancellation
 h - a potion of invisibility
 j - 3 potions of haste
 k - 2 potions of berserk rage
 m - 5 potions of might
 o - 9 potions of mutation
 p - 4 potions of attraction {unknown}
 s - 5 potions of enlightenment
 t - 9 potions of curing
 u - 5 potions of ambrosia
 A - 6 potions of lignification {unknown}
 F - 3 potions of magic {unknown}
 N - 2 potions of brilliance
Miscellaneous
 S - a tin of tremorstones (2/2)


   Skills:
 + Level 18.2 Fighting
 + Level 7.8 Armour
 + Level 9.0 Dodging
 - Level 2.0 Stealth
 - Level 13.2 Shields
 + Level 14.6 Spellcasting
 + Level 14.6 Conjurations
 + Level 14.6 Hexes
 + Level 14.6 Summonings
 + Level 14.6 Necromancy
 + Level 14.6 Translocations
 + Level 14.6 Fire Magic
 + Level 14.6 Ice Magic
 + Level 14.6 Air Magic
 + Level 14.6 Earth Magic
 + Level 14.6 Alchemy


You knew the following spells:

 Your Spells              Type           Power      Damage    Failure   Level
a - Magic Dart            Conj           100%       1d8       1%          1
b - Searing Ray           Conj           100%       2d8       1%          2
c - Fulminant Prism       Conj/Alch      39%        3d18      1%          4
d - Iskenderun's Mystic   Conj/Tloc      78%        2d16      1%          4
e - Sandblast             Erth           100%       2d20      1%          1
f - Static Discharge      Conj/Air       100%       3-8/arc   1%          2
g - Lesser Beckoning      Tloc           100%       N/A       1%          2
h - Summon Lightning Spi  Summ/Air       78%        N/A       1%          4
i - Airstrike             Air            39%        2d(6-22)  1%          4
j - Yara's Violent Unrav  Hex/Alch       39%        3d16      1%          5
k - Dispersal             Tloc           39%        N/A       4%          6
l - Death Channel         Necr           39%        N/A       4%          6
Your spell library was empty.

Dungeon Overview and Level Annotations

Branches:
Dungeon (15/15)            Temple (0/1) D:5            Lair (5/5) D:11
 Shoals (1/4) Lair:3        Snake (0/4) Lair:2        Slime (0/5) Lair:5
    Orc (2/2) D:11            Elf (0/3) Orc:2        Vaults (0/5) D:13
 Depths (0/4) D:15          Sewer (visited)           IceCv (visited)
Volcano (visited)

Altars:
Dithmenos
Elyvilon
Fedhas
Gozag
Hepliaklqana
Nemelex Xobeh
Okawaru
Ru
Trog
Uskayaw
Xom
Zin
The Shining One

Shops:
D:11 [=?!*   Orc:2 (([!

Portals:
Trove: D:13 (give +6 demon blade)

Annotations:
D:5 2 transporters, gb0801's ghost, amateur TrSh
D:14 exclusion: upstairs


Innate Abilities, Weirdness & Mutations

Your life essence is reduced to manifest your ancestor. (-10% HP)
You are immune to sickness and miasma.
You are immune to poison.
Your flesh is very heat resistant. (rF++)
You are vulnerable to cold. (rC-)
You float through the air rather than walking.
You learn spells naturally, not from books.
Your magical power is your life essence.
You have superior vitality. (+4 MHP)


Message History

You kill the faun!
You hear a splash. x2
The faun shoots a sling bullet.
The sling bullet hits Nenetl!
Nenetl closely misses the faun.
The satyr unwields a +0 quarterstaff.
The satyr wields a +0 longbow.
The satyr shoots an arrow.
The arrow hits you!!
Nenetl hits the faun with a +0 dagger of draining.
Nenetl drains the faun.
Aiming: Airstrike (safe; 1% risk of failure)
Press: ? - help, Q - select action, (/) - cycle Dir - move target, f - faun
Aim: a faun, wielding a +0 spear (strong, empty space bonus: 6/8)
The air twists around and strikes the faun!!
The faun is heavily wounded.
The faun shoots a sling bullet.
The sling bullet hits Nenetl but does no damage.
The faun unwields a +0 spear.
The faun wields a +0 sling.
The faun shoots a sling bullet.
The sling bullet hits you.
Nenetl hits the faun with a +0 dagger of draining!
Nenetl drains the faun.
The faun dies!
You hear a splash. x2
A glowing mist starts to gather...
The satyr shoots an arrow.
The arrow hits your spectral faun!
Nenetl closely misses the satyr.
Aiming: Airstrike (safe; 1% risk of failure)
Press: ? - help, Q - select action, (/) - cycle Dir - move target, f/p - faun
Aim: a faun, wielding a +0 sling (heavily wounded, strong, ally target, empty space bonus: 7/8)
The air twists around and strikes the faun!!
The faun is almost dead.
Nenetl hits the satyr with a +0 dagger of draining!
The faun shoots a sling bullet.
The sling bullet barely misses you.
The satyr shoots an arrow.
The arrow hits your spectral faun!
Your spectral faun hits the satyr!
Your spectral faun drains the satyr.
Nenetl closely misses the satyr.
Your spectral faun hits the satyr!
Your lightning spire disappears in a puff of smoke!
Nenetl barely misses the satyr.
The faun shoots a sling bullet.
The sling bullet hits you!!
* * * LOW HITPOINT WARNING * * *
The satyr shoots an arrow.
The arrow completely misses your spectral faun.
The arrow hits you!!
You die...

c)~~~.....P..#.~~.~~≈≈≈~~~≈
~~~~c..####P....~~~~~~~~..~
≈~~)c..## #.....~.~~~.~~...
~~~ZRZ.!###P...~~~~~~~~~..~
~~~~~...P##...P.~.~≈~~~~~~~
~~~~~†...#..P.###..≈≈≈~~~~~
≈≈~~P~.~~§.....##..~~≈~~~~~
~~~~P~P~~~.###....:..≈~~~~~
~...P~~~P~@.##.####..~~~~~~
~.###..P~~~...## #....~~..
P #####~~~...## ##..##..#
#..~~~..###....##.#
###.~...<#.~.......
#.~~...).)~~~~≈~.
#.~~~..~)~~~≈≈≈~≈
#.~~~~~~~≈≈≈≈≈≈~~
....~~~~~~~≈≈≈≈~~≈≈


You could see the friendly Nenetl the hexer, a satyr (drained), a faun (strong,
ally target) and 2 friendly spectral fauns.

Vanquished Creatures
  Saint Roka (Orc:2)
  Jorgrun (D:14)
  Fannar (Lair:2)
  2 ogre magi
  2 vault guards (D:13)
  3 rakshasas
  4 centaur warriors
  A catoblepas (Lair:1)
  A dancing weapon (D:14)
  A merfolk avatar (Shoals:1)
  Erica (Orc:1)
  2 boulder beetles
  6 two-headed ogres
  A vampire mage (D:14)
  2 occultists (D:15)
  6 death yaks
  Amaemon (Lair:1)
  A skeletal warrior (D:14)
  A goliath frog (Lair:5)
  3 skysharks
  An orc knight (Orc:2)
  4 manticores
  4 deep elf pyromancers
  2 orc sorcerers
  8 fauns (Shoals:1)
  8 ugly things
  8 meliai
  2 salamanders (Volcano)
  5 cyclopes
  6 kobold blastminers
  6 black mambas
  Joseph (D:8)
  5 elephants
  A meliai (shapeshifter) (D:14)
  2 ice statues (IceCv)
  3 gargoyles
  A centaur zombie (D:15)
  An orange demon (Lair:1)
  A guardian serpent (shapeshifter) (D:14)
  13 cane toads
  Maggie (D:6)
  A kobold demonologist (D:12)
  3 komodo dragons
  4 unseen horrors
  A centaur skeleton (D:15)
  A tengu conjurer (D:15)
  A rime drake (shapeshifter) (D:13)
  4 guardian mummies (D:14)
  6 rime drakes
  An efreet (D:13)
  A harpy zombie (Shoals:1)
  2 trolls
  A wind drake (Lair:3)
  A merfolk (Shoals:1)
  2 polar bears
  Grinder (D:4)
  5 dream sheep
  2 tyrant leeches (Lair:5)
  17 blink frogs
  A snapping turtle (Shoals:1)
  7 vampires
  4 slime creatures
  A water elemental (D:13)
  4 wraiths
  37 yaks
  3 shadows
  A fire bat (Volcano)
  A hog (shapeshifter) (D:14)
  4 golden eyes (D:14)
  3 wyverns
  4 basilisks
  Eustachio (D:5)
  12 vampire mosquitoes
  3 steam dragons
  3 humans (D:13)
  2 wargs
  A chaos spawn (D:14)
  Edmund (D:4)
  Menkaure (D:6)
  3 acid dragons
  A naga (Lair:2)
  10 water moccasins
  A great orb of eyes simulacrum (IceCv)
  3 spectral shapeshifters (D:14)
  A hell hound (Volcano)
  27 orc warriors
  A black bear (D:5)
  2 manticore zombies (Shoals:1)
  2 ice beasts (D:7)
  4 ogres
  3 wolves (Lair:4)
  5 centaurs
  4 kobold brigands
  A phantom (D:7)
  2 slime creature simulacra (IceCv)
  Blork the orc (D:6)
  16 bullfrogs
  3 glowing shapeshifter simulacra (IceCv)
  2 scorpions
  5 wights (D:6)
  4 shapeshifter zombies (D:14)
  20 killer bees
  20 electric eels
  A howler monkey (D:4)
  2 bombardier beetles
  A quasit (D:4)
  A hound (D:6)
  5 jellies
  18 orc priests
  A gnoll bouda (D:6)
  4 iguanas
  2 hexers
  2 hell rats (D:11)
  14 orc wizards
  2 shapeshifter simulacra (IceCv)
  17 gnolls
  A river rat (D:11)
  10 adders
  A shadow imp (D:4)
  3 white imps (D:4)
  2 ufetubi (D:4)
  2 dart slugs
  71 orcs
  6 ball pythons
  7 bats
  21 endoplasms
  A giant cockroach (D:4)
  12 goblins
  7 hobgoblins
  5 jackals
  21 kobolds
  5 quokkas
  3 frilled lizards
  9 rats
  A fulminant prism (Lair:3)
671 creatures vanquished.

Vanquished Creatures (collateral kills)
  An azure jelly (IceCv)
  4 quicksilver oozes (IceCv)
  A hydra (Lair:2)
  3 vault guards
  A rakshasa (D:15)
  4 boulder beetles
  3 centaur warriors
  2 ogre magi (D:15)
  A catoblepas (Lair:5)
  8 two-headed ogres
  A vampire mage (D:14)
  An orc high priest (Orc:2)
  A hell hog (Volcano)
  3 death yaks
  Urug (D:11)
  2 skeletal warriors (D:14)
  A flayed ghost (D:14)
  An arcanist (D:14)
  A necromancer (D:15)
  3 fauns (Shoals:1)
  An orc knight (Orc:2)
  A cyclops (D:11)
  A salamander (Volcano)
  10 ugly things
  3 elephants
  A meliai (D:14)
  A kobold blastminer (Orc:1)
  A manticore (D:15)
  A water nymph (Shoals:1)
  5 cane toads
  2 centaur skeletons (D:15)
  A tengu conjurer (D:13)
  A harpy zombie (Shoals:1)
  2 komodo dragons
  A queen bee (shapeshifter) (D:14)
  A troll (D:10)
  3 dream sheep
  2 blink frogs (Lair:5)
  6 slime creatures
  A wraith (D:12)
  28 yaks
  A vampire (D:14)
  A wyvern (Lair:5)
  A yak (shapeshifter) (D:14)
  3 humans (D:13)
  A golden eye (shapeshifter) (D:14)
  A basilisk (Lair:4)
  A warg (Orc:2)
  3 vampire mosquitoes
  A great orb of eyes simulacrum (IceCv)
  2 water moccasins (Lair:1)
  A spectral shapeshifter (D:14)
  An orc warrior (D:11)
  A sky beast (D:7)
  5 ogres
  A black bear (D:5)
  A wolf (Lair:4)
  3 centaurs
  A slime creature simulacrum (IceCv)
  A kobold brigand (D:7)
  A gnoll sergeant (D:10)
  2 bullfrogs
  8 killer bees
  A howler monkey (D:8)
  A hound (D:6)
  2 orc priests (Orc:1)
  2 orc wizards
  A hell rat (D:11)
  2 gnolls (D:10)
  24 orcs
190 creatures vanquished.

Vanquished Creatures (others)
  A vault guard (D:13)
  29 hexers
  51 fulminant prisms
81 creatures vanquished.

Grand Total: 942 creatures vanquished

Notes
Turn   | Place    | Note
-------+----------+-------------------------------------------
     0 | D:1      | blake the Djinni Conjurer began the quest for the Orb.
     0 | D:1      | blake set off with the following spells memorised: Magic
                  | Dart, Searing Ray, Fulminant Prism, Iskenderun's Mystic
                  | Blast.
     0 | D:1      | Reached XP level 1. HP: 15/15 MP: 0/0
   108 | D:1      | Reached XP level 2. HP: 20/21 MP: 0/0
   392 | D:1      | Reached XP level 3. HP: 22/26 MP: 0/0
   392 | D:1      | Learned a level 1 spell: Sandblast
   678 | D:1      | Found a faded altar of an unknown god.
   678 | D:1      | Noticed a rust devil
   848 | D:2      | Reached skill level 1 in Fighting
   932 | D:2      | Reached XP level 4. HP: 31/32 MP: 0/0
  1170 | D:2      | Reached skill level 2 in Fighting
  1546 | D:3      | Reached XP level 5. HP: 31/39 MP: 0/0
  1546 | D:3      | Learned a level 2 spell: Static Discharge
  1849 | D:3      | Found a hazy altar of Hepliaklqana.
  1861 | D:3      | Became a worshipper of Hepliaklqana the Forgotten
  2194 | D:4      | Found a glowing drain.
  2203 | Sewer    | Entered a sewer
  2279 | Sewer    | Noticed a kobold brigand
  2291 | Sewer    | Reached skill level 3 in Fighting
  2297 | Sewer    | Killed a kobold brigand
  2298 | Sewer    | Reached XP level 6. HP: 38/46 MP: 0/0
  2404 | Sewer    | Found a white marble altar of Elyvilon.
  2461 | D:4      | Reached skill level 4 in Fighting
  2609 | D:4      | Reached skill level 5 in Spellcasting
  2609 | D:4      | Reached skill level 5 in Conjurations
  2609 | D:4      | Reached skill level 5 in Hexes
  2609 | D:4      | Reached skill level 5 in Summonings
  2609 | D:4      | Reached skill level 5 in Necromancy
  2609 | D:4      | Reached skill level 5 in Translocations
  2609 | D:4      | Reached skill level 5 in Fire Magic
  2609 | D:4      | Reached skill level 5 in Ice Magic
  2609 | D:4      | Reached skill level 5 in Air Magic
  2609 | D:4      | Reached skill level 5 in Earth Magic
  2609 | D:4      | Reached skill level 5 in Alchemy
  2616 | D:4      | Reached XP level 7. HP: 40/52 MP: 0/0
  2616 | D:4      | Learned a level 2 spell: Lesser Beckoning
  2896 | D:4      | Noticed Edmund
  3144 | D:4      | Noticed Grinder
  3145 | D:4      | Paralysed by Grinder for 4 turns
  3151 | D:4      | Killed Grinder
  3152 | D:4      | Reached skill level 5 in Fighting
  3152 | D:4      | Reached XP level 8. HP: 58/60 MP: 0/0
  3253 | D:4      | Found a sacrificial altar of Ru.
  3418 | D:4      | Killed Edmund
  3574 | D:4      | Found a white marble altar of Elyvilon.
  3603 | D:4      | Reached skill level 6 in Fighting
  3864 | D:5      | Entered Level 5 of the Dungeon
  3879 | D:5      | Identified the staff "Beoceq" {rN++ Stlth- Earth}
  3923 | D:5      | Noticed gb0801's ghost (amateur TrSh)
  3955 | D:5      | Found a transporter.
  3963 | D:5      | Noticed Eustachio
  3971 | D:5      | Killed Eustachio
  4050 | D:5      | Found a staircase to the Ecumenical Temple.
  4151 | D:5      | Reached * piety under Hepliaklqana
  4344 | D:5      | Reached skill level 7 in Fighting
  4344 | D:5      | Reached XP level 9. HP: 54/61 MP: 0/0
  4344 | D:5      | Learned a level 4 spell: Summon Lightning Spire
  4576 | D:5      | Found a transporter.
  4693 | D:6      | Noticed Maggie
  4700 | D:6      | Killed Maggie
  4701 | D:6      | Reached skill level 8 in Fighting
  4771 | D:6      | Noticed Menkaure
  4774 | D:6      | Killed Menkaure
  4816 | D:6      | Found a glowing golden altar of the Shining One.
  5099 | D:6      | Found an iron altar of Okawaru.
  5120 | D:6      | Found an opulent altar of Gozag.
  5169 | D:6      | Noticed Blork the orc
  5174 | D:6      | Killed Blork the orc
  5678 | D:7      | Reached skill level 9 in Fighting
  5708 | D:7      | Reached ** piety under Hepliaklqana
  5709 | D:7      | Remembered your ancestor Nenetl as a hexer
  5848 | D:7      | Reached XP level 10. HP: 68/70 MP: 0/0
  5943 | D:7      | Found a sparkling altar of Nemelex Xobeh.
  6024 | D:7      | Found a blossoming altar of Fedhas.
  6227 | D:7      | Reached skill level 10 in Fighting
  7114 | D:8      | Identified the +10 dagger "Vuinikk" {distort, rC+ Dex+3}
  7132 | D:8      | Reached skill level 1 in Shields
  7162 | D:8      | Reached *** piety under Hepliaklqana
  7265 | D:8      | Noticed Joseph
  7274 | D:8      | Killed Joseph
  7482 | D:8      | Noticed a cyclops
  7505 | D:8      | Killed a cyclops
  7901 | D:9      | Reached skill level 5 in Shields
  7971 | D:9      | Reached XP level 11. HP: 71/76 MP: 0/0
  7971 | D:9      | Learned a level 4 spell: Airstrike
  9170 | D:10     | Entered Level 10 of the Dungeon
  9170 | D:10     | Noticed a green ugly thing
  9567 | D:10     | Killed a green ugly thing
  9670 | D:10     | Found the amulet of Elemental Vulnerability {rPois rF--
                  | rC-- AC+8}
  9710 | D:10     | Reached **** piety under Hepliaklqana
  9802 | D:10     | Found a bloodstained altar of Trog.
  9831 | D:10     | Found a glowing silver altar of Zin.
  9831 | D:10     | Found a hide-covered altar of Uskayaw.
  9831 | D:10     | Found a shadowy altar of Dithmenos.
  9865 | D:11     | Found Reghidgh's Armour Shoppe.
  9954 | D:11     | Found a staircase to the Orcish Mines.
 10032 | D:11     | Reached skill level 11 in Fighting
 10228 | D:11     | Found Wigo's Jewellery Emporium.
 10283 | D:11     | Noticed a death yak
 10283 | D:11     | Noticed a death yak
 10299 | D:11     | Killed a death yak
 10301 | D:11     | Noticed a death yak
 10307 | D:11     | Killed a death yak
 10308 | D:11     | Killed a death yak
 10309 | D:11     | Reached XP level 12. HP: 84/84 MP: 0/0
 10319 | D:11     | Noticed Urug
 10325 | D:11     | Found a staircase to the Lair.
 10326 | D:11     | Killed Urug
 10347 | D:11     | Found Boohoil's Distillery.
 10407 | D:11     | Found Xiagagg's Assorted Antiques.
 10422 | D:11     | Bought an ichor-stained spear for 200 gold pieces
 10422 | D:11     | Identified the +1 spear "Aptuezur" {venom, SInv} (You
                  | bought it in a shop on level 11 of the Dungeon)
 10422 | D:11     | Bought a yellow potion for 22 gold pieces
 10422 | D:11     | Bought a bubbling brown potion for 22 gold pieces
 10637 | D:11     | Found Lem Wumm's Magic Scroll Shoppe.
 10637 | D:11     | Noticed a boulder beetle
 10665 | D:11     | Killed a boulder beetle
 10711 | D:11     | Bought a scroll of identify for 24 gold pieces
 10711 | D:11     | Bought a scroll of blinking for 90 gold pieces
 10711 | D:11     | Bought a scroll of summoning for 114 gold pieces
 10711 | D:11     | Bought a scroll of identify for 24 gold pieces
 10824 | Lair:1   | Entered Level 1 of the Lair of Beasts
 10880 | Lair:1   | Noticed a catoblepas
 10883 | Lair:1   | Reached skill level 12 in Fighting
 10883 | Lair:1   | Reached skill level 10 in Spellcasting
 10883 | Lair:1   | Reached skill level 10 in Conjurations
 10883 | Lair:1   | Reached skill level 10 in Hexes
 10883 | Lair:1   | Reached skill level 10 in Summonings
 10883 | Lair:1   | Reached skill level 10 in Necromancy
 10883 | Lair:1   | Reached skill level 10 in Translocations
 10883 | Lair:1   | Reached skill level 10 in Fire Magic
 10883 | Lair:1   | Reached skill level 10 in Ice Magic
 10883 | Lair:1   | Reached skill level 10 in Air Magic
 10883 | Lair:1   | Reached skill level 10 in Earth Magic
 10883 | Lair:1   | Reached skill level 10 in Alchemy
 10895 | Lair:1   | Killed a catoblepas
 10960 | Lair:1   | Found a dark tunnel.
 10968 | Volcano  | Entered a volcano
 11042 | Volcano  | Noticed a two-headed ogre
 11042 | Volcano  | Noticed a hell hog
 11047 | Volcano  | Killed a hell hog
 11051 | Volcano  | Killed a two-headed ogre
 11228 | Volcano  | Reached skill level 10 in Shields
 11394 | Lair:1   | Noticed Amaemon
 11401 | Lair:1   | Killed Amaemon
 11404 | Lair:1   | Reached XP level 13. HP: 91/91 MP: 0/0
 11404 | Lair:1   | Learned a level 5 spell: Yara's Violent Unravelling
 11509 | Lair:1   | Reached skill level 13 in Fighting
 11872 | Lair:2   | Noticed a six-headed hydra
 11888 | Lair:2   | Killed a six-headed hydra
 11928 | Lair:2   | Noticed Fannar
 11970 | Lair:2   | Killed Fannar
 12004 | Lair:2   | Found a frozen archway.
 12014 | IceCv    | Entered an ice cave
 12032 | IceCv    | Noticed a quicksilver ooze
 12036 | IceCv    | Killed a quicksilver ooze
 12071 | IceCv    | Noticed a quicksilver ooze
 12077 | IceCv    | Killed a quicksilver ooze
 12122 | IceCv    | Noticed a quicksilver ooze
 12126 | IceCv    | Killed a quicksilver ooze
 12137 | IceCv    | Reached ***** piety under Hepliaklqana
 12173 | IceCv    | Noticed a quicksilver ooze
 12176 | IceCv    | Killed a quicksilver ooze
 12180 | IceCv    | Found a viscous altar of Jiyva.
 12180 | IceCv    | Noticed an azure jelly
 12184 | IceCv    | Killed an azure jelly
 12206 | IceCv    | Identified the +0 leather armour of Honour {Regen+}
 12550 | Lair:2   | Identified the +2 robe "Unadgh" {rC+}
 12699 | Lair:2   | Reached XP level 14. HP: 93/99 MP: 0/0
 12732 | Lair:2   | Found a staircase to the Snake Pit.
 13101 | Lair:3   | Reached skill level 14 in Fighting
 13890 | Lair:3   | Found a staircase to the Shoals.
 14177 | Lair:4   | Upgraded the game from 0.32-a0-22-g6ae6769 to
                  | 0.32-a0-33-g74fbe46
 14346 | Lair:4   | You are sucked into a shaft and drop 1 floor!
 14346 | Lair:5   | Entered Level 5 of the Lair of Beasts
 14346 | Lair:5   | Found a glowing silver altar of Zin.
 14362 | Lair:5   | Found a staircase to the Slime Pits.
 14621 | Lair:5   | Reached skill level 15 in Fighting
 14782 | Lair:4   | Reached XP level 15. HP: 93/108 MP: 0/0
 14782 | Lair:4   | Learned a level 6 spell: Dispersal
 15479 | Orc:1    | Entered Level 1 of the Orcish Mines
 15579 | Orc:1    | Noticed Erica
 15581 | Orc:1    | Killed Erica
 15907 | Lair:5   | Reached skill level 16 in Fighting
 17013 | D:12     | Reached ****** piety under Hepliaklqana
 18201 | Orc:2    | Entered Level 2 of the Orcish Mines
 18323 | Orc:2    | Found a staircase to the Elven Halls.
 18425 | D:11     | Bought the ring "Qemoeth" {+Blink rF+ rC+ Dex+6} for 960
                  | gold pieces
 18899 | Orc:2    | Reached skill level 1 in Armour
 18917 | Orc:2    | Noticed Saint Roka
 18965 | Orc:2    | Killed Saint Roka
 18966 | Orc:2    | Reached XP level 16. HP: 51/117 MP: 0/0
 19180 | Orc:2    | Found Houtaa's Antique Weapon Shoppe.
 19330 | Orc:2    | Found Jatryqug's Antique Armour Emporium.
 19332 | Orc:2    | Found Vovu's Antique Weapon Shoppe.
 19445 | Orc:2    | Found Qouvvu's Distillery.
 19576 | D:13     | Found a portal to a secret trove of treasure.
 20479 | D:13     | Reached skill level 17 in Fighting
 20756 | D:13     | Reached skill level 5 in Dodging
 20898 | D:13     | Identified the +0 kite shield of Pugraxin {Str+3}
 20900 | D:13     | Found a gate to the Vaults.
 21326 | D:14     | Noticed Jorgrun
 21334 | D:14     | Killed Jorgrun
 21525 | D:13     | Noticed a storm dragon
 21525 | D:13     | Noticed a fire giant
 21525 | D:13     | Noticed a shadow dragon
 21734 | D:14     | Reached skill level 5 in Armour
 21944 | D:14     | Found a basalt altar of Yredelemnul.
 21944 | D:14     | Found a shimmering altar of Xom.
 22240 | D:14     | Identified the ring of the Irksome Plum {rN+ Int+3 Dex+6}
 22272 | D:14     | Found a shimmering altar of Xom.
 22544 | D:14     | Found a blossoming altar of Fedhas.
 22835 | D:15     | Entered Level 15 of the Dungeon
 22839 | D:15     | Reached XP level 17. HP: 105/123 MP: 0/0
 22839 | D:15     | Learned a level 6 spell: Death Channel
 23521 | D:15     | Found a staircase to the Depths.
 23621 | D:15     | Reached skill level 18 in Fighting
 24229 | Shoals:1 | Entered Level 1 of the Shoals
 24856 | Shoals:1 | Shot with an arrow by a satyr

Illustrated notes

Levels and vault maps discovered:
D:1:      onia_arrival_mini_spirals, layout_basic,
          dreamdust_ecumenical_altar_sealed_demon
D:2:      layout_loops_ring, kennysheep_generic_room_8
D:3:      layout_rooms, nzn_hepliaklqana_mist_gate, kennysheep_nub,
          kennysheep_generic_room_9
D:4:      layout_loops_ring, nicolae_ru_the_path_less_chosen, lemuel_tele_altar,
          cheibrodos_sewer_entry_drain, serial_demonic, serial_demonic_b,
          serial_demonic_f, serial_demonic_g, serial_demonic_e, uniq_grinder,
          uniq_edmund
D:5:      nicolae_cairo_tiling_very_big, layout_basic,
          gammafunk_ghost_stat_death, uniq_eustachio
D:6:      layout_basic, nicolae_vehumet_altar_sigil,
          mainiacjoe_overflow_tiny_flanked, mainiacjoe_overflow_two_lobes,
          uniq_blork_the_orc, uniq_menkaure, uniq_maggie
D:7:      layout_basic, lemuel_crystal_altar, mainiacjoe_overflow_cross_hatched
D:8:      layout_rooms, uniq_joseph
D:9:      layout_loops_ring, serial_bayou, serial_bayou_ford_a,
          serial_bayou_shore_a, serial_bayou_pond_c, serial_bayou_pond_d
D:10:     layout_cave_pools, minitemple, chequers_serial_rivers_room_b,
          kennysheep_generic_room_7
D:11:     layout_basic, dpeg_lair_monsters, hiddenorc2_lemuel, serial_shops,
          shop, nicolae_diamond_shop, shop, nicolae_shop_pleasant_corner_grove,
          shop, uniq_urug
D:12:     layout_basic
D:13:     minmay_connected_triangles_in_corner, layout_loops_corners,
          ximxim_vaults_locker_room, serial_bayou, serial_bayou_pond_d,
          serial_bayou_pond_b, serial_bayou_lagoon_b, serial_bayou_pond_e,
          nicolae_trove_entry_crossroad, grunt_decor_clamped
D:14:     skrybe_chaotic_catacombs, layout_basic, fedhas_altar_4, uniq_jorgrun
D:15:     grunt_enter_depths_magical_seal, layout_cave_pods
Lair:1:   layout_misc_corridors, enter_volcano_1, ldierk_geyser,
          cheibrodos_lair_reptile_den, uniq_amaemon
Lair:2:   layout_big_grid, guppyfry_snake_entry_garden, portal_ice_cave_rime,
          serial_bayou_pond_b, uniq_fannar
Lair:3:   layout_chaotic_city, minmay_shoals_entry_beasts, serial_bayou,
          serial_bayou_lake_a, serial_bayou_crossing, serial_bayou_pond_a,
          serial_bayou_pond_c, serial_bayou_shore_b, serial_bayou_shore_b
Lair:4:   layout_roguey, serial_bayou, serial_bayou_shore_b,
          serial_bayou_pond_d, serial_bayou_lagoon_a, serial_bayou_pond_c,
          grunt_megastairs_5
Lair:5:   minmay_lair_end_frog_pond, layout_long_grid,
          nicolae_slime_entry_slimehenge, basic_altar
Shoals:1: layout_shoals, nicolae_shoals_undead_eyrie
Orc:1:    layout_caves, uniq_erica
Orc:2:    grunt_orc_community_town_hall, layout_caves,
          grunt_orc_community_big_house_1, grunt_orc_community_big_house_2,
          grunt_orc_community_house_3, grunt_orc_community_house_1,
          grunt_orc_community_house_3, grunt_orc_community_house_2,
          grunt_orc_community_house_3, grunt_orc_community_house_1, basic_altar

Skill      XL: |  1  2  3  4  5  6  7  8  9 10 11 12 13 14 15 16 17 |
---------------+----------------------------------------------------+-----
Stealth        | 2 |  2.0
Fighting       | 1 2 3 4 5 7 9 10 11 12 13 15 16 17 18 | 18.2
Spellcasting   | 4 5 6 7 8 9 10 11 12 13 14 | 14.6
Conjurations   | 4 5 6 7 8 9 10 11 12 13 14 | 14.6
Hexes          | 4 5 6 7 8 9 10 11 12 13 14 | 14.6
Summonings     | 4 5 6 7 8 9 10 11 12 13 14 | 14.6
Necromancy     | 4 5 6 7 8 9 10 11 12 13 14 | 14.6
Translocations | 4 5 6 7 8 9 10 11 12 13 14 | 14.6
Fire Magic     | 4 5 6 7 8 9 10 11 12 13 14 | 14.6
Ice Magic      | 4 5 6 7 8 9 10 11 12 13 14 | 14.6
Air Magic      | 4 5 6 7 8 9 10 11 12 13 14 | 14.6
Earth Magic    | 4 5 6 7 8 9 10 11 12 13 14 | 14.6
Alchemy        | 4 5 6 7 8 9 10 11 12 13 14 | 14.6
Shields        | 5 8 10 11 13 | 13.2
Dodging        | 3 7 9 |  9.0
Armour         | 2 5 7 |  7.8

Action                     |  1- 3 |  4- 6 |  7- 9 | 10-12 | 13-15 | 16-18 || total
---------------------------+-------+-------+-------+-------+-------+-------++-------
  Throw: Throwing net      |       |       |       |     1 |       |       ||     1
   Cast: Magic Dart        |    49 |   109 |    98 |   155 |    30 |     5 ||   446
         Sandblast         |     7 |    18 |    76 |   148 |   246 |   139 ||   634
         Searing Ray       |       |     2 |     4 |    17 |       |       ||    23
         Static Discharge  |       |     1 |       |     4 |    14 |       ||    19
         Fulminant Prism   |       |       |     4 |     2 |    37 |     9 ||    52
         Iskenderun's Myst |       |       |     2 |     1 |    42 |    22 ||    67
         Airstrike         |       |       |       |    52 |   320 |   322 ||   694
         Summon Lightning  |       |       |       |    17 |    42 |    38 ||    97
         Death Channel     |       |       |       |       |       |    10 ||    10
         Yara's Violent Un |       |       |       |       |       |     2 ||     2
 Invoke: Ancestor Identity |       |       |     1 |       |       |       ||     1
         Ancestor Life: He |       |       |     1 |       |       |       ||     1
         Recall Ancestor   |       |       |       |       |     5 |     1 ||     6
  Evoke: Wand              |       |       |       |     1 |       |       ||     1
    Use: Scroll            |       |       |       |    12 |     6 |     2 ||    20
         Potion            |       |       |       |       |     1 |       ||     1
 Armour: Robe              |     2 |     6 |    11 |       |       |       ||    19
         Leather armour    |       |       |     8 |    40 |       |       ||    48
         Troll leather arm |       |       |       |    38 |   126 |    87 ||   251
  Dodge: Dodged            |     4 |    15 |     8 |    25 |    37 |    38 ||   127
  Block: Kite shield       |       |       |       |    36 |    87 |    82 ||   205

Table legend: (Time is in decaauts)
 A = Elapsed time spent in this place.
 B = Non-inter-level travel time spent in this place.
 C = Inter-level travel time spent in this place.
 D = Time resting spent in this place.
 E = Time spent auto-exploring this place.
 F = Levels seen in this place.
 G = Mean time per level.
                   A        B        C        D        E       F      G
               +--------+--------+--------+--------+--------+-----+--------+
         Total |  25191 |  23674 |   1517 |    564 |  18718 |  26 |  968.9 |
       Dungeon |  16976 |  15969 |   1007 |    493 |  13065 |  15 | 1131.7 |
          Lair |   4910 |   4474 |    436 |     54 |   3492 |   5 |  982.0 |
        Shoals |    628 |    628 |      0 |      0 |    512 |   1 |  628.0 |
  Orcish Mines |   1659 |   1586 |     73 |      0 |   1205 |   2 |  829.5 |
         Sewer |    236 |    236 |      0 |      0 |    158 |   1 |  236.0 |
      Ice Cave |    414 |    414 |      0 |     15 |    151 |   1 |  414.0 |
       Volcano |    364 |    364 |      0 |      2 |    135 |   1 |  364.0 |
               +--------+--------+--------+--------+--------+-----+--------+

Top non-repeatable levels by time:
    D:14: 1853 daAuts
    D:11: 1543 daAuts
     D:4: 1512 daAuts
    D:13: 1479 daAuts
     D:9: 1446 daAuts
     D:7: 1302 daAuts
    D:15: 1233 daAuts
   Orc:2: 1211 daAuts
  Lair:4: 1110 daAuts
    D:12: 1095 daAuts
  Lair:5: 1075 daAuts
     D:6: 1020 daAuts
  Lair:2: 980 daAuts
  Lair:3: 969 daAuts
     D:8: 835 daAuts
